 Dungeon Crawl Stone Soup version 0.30.0-29-ga12c61a403 (webtiles) character file.

Game seed: 18415440866198596041

1424 seaoflcl the Chopper (level 8, 0/62 HPs)
             Began as a Demonspawn Fighter on June 16, 2023.
             Was a Believer of Ru.
             Slain by a yak (6 damage)
             ... on level 6 of the Dungeon.
             The game lasted 00:09:38 (7466 turns).

seaoflcl the Chopper (Demonspawn Fighter)           Turns: 7466, Time: 00:09:39

Health: 0/62       AC: 18    Str: 25    XL:     8   Next: 44%
Magic:  8/8        EV:  6    Int:  9    God:    Ru [**....]
Gold:   516        SH:  9    Dex: 13    Spells: 7/7 levels left

rFire   . . .        l - +4 hand axe
rCold   . . .        c - +0 buckler
rNeg    . . .        k - +0 plate armour
rPois   .            (no helmet)
rElec   .            H - +0 cloak
rCorr   .            E - +0 pair of gloves
SInv    +            (no boots)
Will    .....        (no amulet) Stlth
                     i - +6 ring of strength
HPRegen 0.30/turn    y - ring of see invisible
MPRegen 0.11/turn

%: no passive effects
@: attractive
A: icemail 1, no stealth, no hexes magic, no necromancy magic, no poison magic,
condensation shield
a: Renounce Religion


You were on level 6 of the Dungeon.
You worshipped Ru.
Ru was pleased with you.
You visited 1 branch of the dungeon, and saw 7 of its levels.

You collected 516 gold pieces.

Inventory:

Hand Weapons
 a - a +0 war axe
 f - a +2 heavy dire flail
 l - a +4 hand axe (weapon)
 o - a +3 halberd
 J - a +2 falchion of electrocution
Missiles
 t - a throwing net (quivered)
 u - 3 boomerangs
 v - 5 silver boomerangs
 w - 3 poisoned darts
Armour
 c - a +0 buckler (worn)
 k - a +0 plate armour (worn)
 E - a +0 pair of gloves (worn)
 H - a +0 cloak (worn)
Jewellery
 i - a +6 ring of strength (left hand)
 y - a ring of see invisible (right hand)
Scrolls
 e - 4 scrolls of immolation {unknown}
 h - 3 scrolls of blinking {unknown}
 q - a scroll of poison {unknown}
 r - a scroll of magic mapping {unknown}
 z - a scroll of amnesia {unknown}
 C - a scroll of fog {unknown}
 D - a scroll of identify {unknown}
 G - a scroll of fear {unknown}
 I - a scroll of teleportation {unknown}
Potions
 b - a potion of lignification {unknown}
 d - a potion of might
 g - 2 potions of brilliance {unknown}
 j - 4 potions of heal wounds {unknown}
 m - 3 potions of attraction
 n - 3 potions of mutation {unknown}
 p - 5 potions of invisibility {unknown}
 s - 3 potions of curing {unknown}
 x - a potion of flight {unknown}
 A - a potion of magic {unknown}
 B - a potion of resistance {unknown}
 F - 2 potions of ambrosia {unknown}


   Skills:
 + Level 5.3 Fighting
 + Level 0.0 Long Blades
 * Level 6.0 Axes
 + Level 2.5 Throwing
 * Level 4.8 Armour
 + Level 4.9 Shields


You had 7 spell levels left.
You didn't know any spells.
Your spell library contained the following spells:

 Spells                   Type           Power      Damage    Failure   Level
 Apportation              Tloc           0%         N/A       100%        1
 Alistair's Intoxication  Tmut/Pois      Unusable   N/A       N/A         5

Dungeon Overview and Level Annotations

Branches:
Dungeon (7/15)             Temple (0/1) D:4

Altars:
Ashenzari
Dithmenos
Gozag
Kikubaaqudgha
Okawaru
Qazlal
Ru
Trog
Vehumet
Wu Jian

Shops:
D:5 (

Annotations:
D:4 Pikel


Innate Abilities, Weirdness & Mutations

A meltable icy envelope protects you from harm. (AC +4)
You cannot be stealthy.
You cannot study or cast Hexes magic.
You cannot study or cast Necromancy magic.
You cannot study or cast Poison magic.
A meltable shield of frost defends you. (SH +4)


Message History

The yak bellows!
The yak moves out of view.
A yak comes into view.
There is a stone staircase leading up here.
A yak comes into view.
You hit the yak.
The yak is lightly wounded.
The yak is stunned by your conviction and fails to attack.
You hit the yak.
The yak is lightly wounded.
The yak gores you!
A yak comes into view.
You completely miss the yak.
The yak is lightly wounded.
You barely miss the yak.
The yak bellows!
You block the yak's attack.
You barely miss the yak.
The yak is lightly wounded.
You completely miss the yak.
The yak gores you but does no damage. x2
You block the yak's attack. The yak gores you!
The yak gores you but does no damage.
You climb upwards.
There is a stone staircase leading down here.
You slash the yak!
The yak is lightly wounded.
You hit the yak. You barely miss the yak. The yak gores you but does no damage.
The yak gores you! The yak gores you but does no damage.
You slash the yak!
The yak is moderately wounded.
You hit the yak but do no damage. You hit the yak.
The yak gores you but does no damage. The yak gores you! x2
* * * LOW HITPOINT WARNING * * *
The yak attacks as you move away! The yak gores you.
* * * LOW HITPOINT WARNING * * *
Unknown command.
It was a potion of attraction.
You feel attractive to monsters. The yak gores you but does no damage.
The yak gores you.
You die...

#....#..[.#........#.....#
#....#....+........#.....#
##############'####'#####'##
#....########..###..###....#
##.......#.......#.........#
#....†..#.......#.........# #
##..##..##.....#######..>.#
## #####..##.....##...##....#
.# #...#.....@Y..........# .#
#...#.....YY....##....# .#
#...#...........##....#
########.######..###..##....#
.....#...###.##..###..##....#
........>.#........#..##....#
..........#........#..##....#
..........#........#...#....#
###.###..##[.#######..##....#


You could see 3 yaks.

Vanquished Creatures
  Edmund (D:4)
  An ice beast (D:6)
  An ogre (D:6)
  A phantom (D:6)
  Blork the orc (D:4)
  A bullfrog (D:7)
  2 scorpions
  A howler monkey (D:5)
  4 hounds
  4 orc priests
  A gnoll bouda (D:6)
  An iguana (D:4)
  3 orc wizards
  A sleepcap (D:5)
  17 gnolls
  6 adders
  2 ufetubi
  A worm (D:4)
  3 dart slugs
  13 orcs
  2 ball pythons
  6 endoplasms
  3 giant cockroaches
  7 goblins
  6 hobgoblins
  3 jackals (D:4)
  2 quokkas
  7 bats
  2 frilled lizards
  48 kobolds
  2 rats (D:1)
153 creatures vanquished.

Notes
Turn   | Place    | Note
-------+----------+-------------------------------------------
     0 | D:1      | seaoflcl the Demonspawn Fighter began the quest for the
                  | Orb.
     0 | D:1      | Reached XP level 1. HP: 18/18 MP: 1/1
    96 | D:1      | Reached skill level 2 in Axes
   209 | D:1      | Gained mutation: A meltable shield of frost defends you.
                  | (SH +4) [demonic ancestry]
   209 | D:1      | Reached XP level 2. HP: 17/24 MP: 2/2
  1109 | D:2      | Found a sacrificial altar of Ru.
  1122 | D:2      | Became a worshipper of Ru the Awakened
  1188 | D:2      | Reached XP level 3. HP: 25/29 MP: 3/3
  1750 | D:3      | Found a faded altar of an unknown god.
  1792 | D:3      | Reached XP level 4. HP: 26/35 MP: 4/4
  2198 | D:3      | Reached skill level 3 in Axes
  2307 | D:3      | Reached XP level 5. HP: 41/41 MP: 5/5
  2977 | D:3      | Gained mutation: You cannot be stealthy. [Ru sacrifice]
  3065 | D:3      | Reached XP level 6. HP: 26/48 MP: 6/6
  3252 | D:4      | Reached skill level 4 in Axes
  4034 | D:4      | Found a staircase to the Ecumenical Temple.
  4325 | D:4      | Noticed Edmund
  4348 | D:4      | Killed Edmund
  4349 | D:4      | Gained mutation: A meltable icy envelope protects you from
                  | harm. (AC +4) [demonic ancestry]
  4349 | D:4      | Reached XP level 7. HP: 25/55 MP: 7/7
  4688 | D:4      | Found a radiant altar of Vehumet.
  4688 | D:4      | Noticed Blork the orc
  4690 | D:4      | Found a bloodstained altar of Trog.
  4690 | D:4      | Found a sacrificial altar of Ru.
  4691 | D:4      | Found a broken altar of Ashenzari.
  4691 | D:4      | Found an opulent altar of Gozag.
  4691 | D:4      | Found an ornate altar of the Wu Jian Council.
  4691 | D:4      | Found an ancient bone altar of Kikubaaqudgha.
  4704 | D:4      | Killed Blork the orc
  4705 | D:4      | Reached skill level 1 in Throwing
  4939 | D:4      | Noticed Pikel
  4974 | D:5      | Entered Level 5 of the Dungeon
  4980 | D:5      | Found an iron altar of Okawaru.
  5274 | D:5      | Found Othrerch's Weapon Shop.
  5436 | D:5      | Reached skill level 5 in Axes
  5935 | D:5      | Found a stormy altar of Qazlal.
  6240 | D:6      | Reached XP level 8. HP: 40/61 MP: 8/8
  6371 | D:6      | Reached skill level 5 in Fighting
  6852 | D:6      | Gained mutation: You cannot study or cast Poison magic. [Ru
                  | sacrifice]
  6852 | D:6      | Gained mutation: You cannot study or cast Hexes magic. [Ru
                  | sacrifice]
  6852 | D:6      | Gained mutation: You cannot study or cast Necromancy magic.
                  | [Ru sacrifice]
  6852 | D:6      | Reached * piety under Ru
  6852 | D:6      | Reached ** piety under Ru
  7086 | D:6      | Found a shadowy altar of Dithmenos.
  7343 | D:6      | Reached skill level 6 in Axes
  7451 | D:7      | Noticed a green death
  7466 | D:6      | Slain by a yak

Illustrated notes

Levels and vault maps discovered:
D:1:      amcnicky_arrival_flooded_fountain, layout_basic, minmay_box_of_dots
D:2:      layout_loops_ring, basic_altar, kennysheep_another_room,
          serial_bayou_pond_a, grunt_decor_fettered
D:3:      minmay_goblin_kobold_castle, layout_basic,
          shapermc_ecumenical_altar_gd, grunt_decor_junction
D:4:      layout_basic, grunt_temple_overflow_open, minmay_temple_entry_ruins,
          serial_aquarium, aquarium_bridge_square [aquarium_subvault_window,
          aquarium_subvault_bridge, aquarium_subvault_wall,
          aquarium_subvault_bridge], aquarium_window_1, aquarium_window_fake,
          aquarium_window_2, aquarium_window_corner, aquarium_view_2e,
          aquarium_balcony_5a, aquarium_pool_corner, dk_noncrumbling_3,
          uniq_pikel, uniq_edmund, uniq_blork_the_orc
D:5:      layout_cave_pods, general_overflow_altar,
          mainiacjoe_overflow_small_starburst, mainiacjoe_overflow_tiny_flanked,
          serial_shops, nicolae_shop_bloodbath_and_beyond,
          chequers_serial_rivers_large_a
D:6:      layout_gridville, nicolae_dithmenos_through_a_glass_darkly
D:7:      layout_rooms, grunt_temple_overflow_order_and_chaos_2, uniq_menkaure

Skill      XL: |  1  2  3  4  5  6  7  8 |
---------------+-------------------------+-----
Axes           | 2 3 4 5 6 |  6.0
Armour         | 3 4 |  4.8
Shields        | 3 4 |  4.9
Fighting       | 4 5 |  5.3
Throwing       | 2 |  2.5

Action                     |  1- 3 |  4- 6 |  7- 9 || total
---------------------------+-------+-------+-------++-------
  Melee: War axe           |    42 |       |       ||    42
         Hand axe          |    54 |   193 |   168 ||   415
  Throw: Dart              |       |     6 |       ||     6
 Invoke: Sacrifice Stealth |       |     1 |       ||     1
         Sacrifice Arcana  |       |       |     1 ||     1
    Use: Potion            |       |     1 |     1 ||     2
 Armour: Scale mail        |    12 |       |       ||    12
         Plate armour      |    31 |   142 |    70 ||   243
         Chain mail        |    11 |       |       ||    11
  Dodge: Dodged            |    18 |    48 |    33 ||    99
  Block: Buckler           |    36 |    71 |    76 ||   183
